[Event "Titled Tuesday Blitz August 1 Early 2023"]
[White "Ahmad, Khagan"]
[Black "Willy, Stephen"]
[WhiteFideId "13431552"]
[BlackFideId "30981468"]
[WhiteElo "2565"]
[BlackElo "2446"]
[Result "1-0"]
[Round "7"]
[TimeControl "180+1"]
[Date "2023.08.01"]
[WhiteClock "0:00:01"]
[BlackClock "0:00:04"]
[Board "110"]

1. d4 g6 2. c4 Bg7 3. Nc3 d6 4. Nf3 Nf6 5. e4 Nc6 6. Be2 Bg4 7. O-O Bxf3 8. Bxf3 e5 9. d5 Ne7 10. c5 dxc5 11. b4 cxb4 12. Qa4+ c6 13. Qxb4 cxd5 14. Ba3 d4 15. Nb5 Kf8 16. Nd6 b6 17. Rac1 Bh6 18. Qc4 Nfd5 19. Nb7 Qd7 20. Qxd5 Qxd5 21. exd5 Bxc1 22. Rxc1 Ke8 23. d6 Nf5 24. g4 Nh4 25. Bc6+ Kf8 26. d7+ Kg7 27. Be7 f6 28. d8=Q Rhxd8 29. Nxd8 Rc8 30. Kf1 g5 31. Ke2 Ng6 32. Bb4 Rxd8 33. Be4 d3+ 34. Kf3 Rd4 35. Rc7+ Kh6 36. Bxg6 hxg6 37. Bf8# 1-0


[Site "https://www.chess.com"]

[Event "Titled Tuesday Blitz August 1 Early 2023"]
[White "Demin, Vladimir"]
[Black "Manukian, Artak"]
[WhiteFideId "4167457"]
[BlackFideId "13301373"]
[WhiteElo "2564"]
[BlackElo "2443"]
[Result "0-1"]
[Round "7"]
[TimeControl "180+1"]
[Date "2023.08.01"]
[WhiteClock "0:00:38"]
[BlackClock "0:00:11"]
[Board "111"]

1. d4 d5 2. Nc3 c6 3. Bf4 Bf5 4. e3 e6 5. f3 Bb4 6. g4 Bg6 7. h4 h5 8. g5 Ne7 9. Ne2 b5 10. a3 Ba5 11. Bg2 O-O 12. e4 Nd7 13. b4 Bc7 14. O-O Nb6 15. Qc1 a5 16. Rb1 axb4 17. axb4 Nc4 18. Bxc7 Qxc7 19. Nf4 e5 20. dxe5 Qxe5 21. Rb3 dxe4 22. Nxe4 Bxe4 23. fxe4 Ng6 24. Nxh5 Nxh4 25. Rg3 Ra2 26. Qe1 Rxc2 27. Nf6+ gxf6 28. gxf6+ Ng6 29. Bh3 Nd2 30. Bf5 Nxf1 31. Kxf1 Qf4+ 32. Kg1 Re8 33. Rg4 Qxf5 0-1


[Site "https://www.chess.com"]

[Event "Titled Tuesday Blitz August 1 Early 2023"]
[White "Omorjan, Dejan"]
[Black "Schlecht, Daniel, Dr."]
[WhiteFideId "955345"]
[BlackFideId "4623959"]
[WhiteElo "2562"]
[BlackElo "2443"]
[Result "1-0"]
[Round "7"]
[TimeControl "180+1"]
[Date "2023.08.01"]
[WhiteClock "0:00:04"]
[BlackClock "0:00:00"]
[Board "112"]

1. d4 Nf6 2. Nf3 g6 3. Bg5 Bg7 4. c3 O-O 5. Nbd2 d6 6. a4 c5 7. dxc5 dxc5 8. Qc2 Nc6 9. e4 h6 10. Be3 b6 11. h3 Qc7 12. Be2 Nh5 13. O-O Nf4 14. Rfe1 Nxe2+ 15. Rxe2 Ba6 16. Ree1 Rad8 17. Nf1 Bd3 18. Qc1 Bxe4 19. Bf4 e5 20. Rxe4 exf4 21. Qxf4 Qxf4 22. Rxf4 Rfe8 23. Ne3 Ne5 24. Nxe5 Bxe5 25. Rf3 Bg7 26. Kf1 Rd2 27. Nc4 Rc2 28. Re1 Rxe1+ 29. Kxe1 Rc1+ 30. Kd2 Ra1 31. a5 b5 32. Nd6 Rxa5 33. Nxf7 b4 34. Nd6 bxc3+ 35. bxc3 Ra2+ 36. Kd3 Ra4 37. Nc4 Ra1 38. Ne3 Ra3 39. Nd5 a5 40. Kc4 a4 41. g4 Ra1 42. Ne7+ Kh7 43. Rf7 Rc1 44. Nd5 Kg8 45. Ra7 Ra1 46. f4 a3 47. f5 gxf5 48. gxf5 Rf1 49. Rxa3 h5 50. Ra7 Kf8 51. Nc7 Bf6 52. Ne6+ Kg8 53. Kxc5 Rxf5+ 54. Kd6 Rf3 55. Ra8+ Kh7 56. Ra7+ Kg6 57. c4 Bc3 58. c5 Rd3+ 59. Ke7 Re3 60. c6 Kf5 61. c7 Rxe6+ 62. Kd7 Bf6 63. c8=Q Re7+ 64. Kd6+ 1-0


[Site "https://www.chess.com"]

[Event "Titled Tuesday Blitz August 1 Early 2023"]
[White "To, Nhat Minh"]
[Black "Herman, Daniel"]
[WhiteFideId "729019"]
[BlackFideId "30935008"]
[WhiteElo "2556"]
[BlackElo "2439"]
[Result "0-1"]
[Round "7"]
[TimeControl "180+1"]
[Date "2023.08.01"]
[WhiteClock "0:02:02"]
[BlackClock "0:01:26"]
[Board "113"]

1. e4 Nf6 2. e5 Nd5 3. d4 d6 4. Nf3 dxe5 5. Nxe5 c6 6. Be2 Bf5 7. O-O Nd7 8. Nf3 e6 9. c4 N5f6 10. Nc3 Bd6 11. Nh4 Bg6 12. g3 O-O 13. Nxg6 hxg6 14. Be3 e5 15. c5 exd4 16. cxd6 dxe3 17. fxe3 Qb6 18. Qd2 Rfe8 19. Kf2 Nc5 20. Bf3 Rad8 21. Rad1 Re6 22. b3 Qa5 23. Qb2 Qxc3 24. Qxc3 Nfe4+ 25. Bxe4 Nxe4+ 0-1


[Site "https://www.chess.com"]

[Event "Titled Tuesday Blitz August 1 Early 2023"]
[White "Pandey Srishti"]
[Black "NovozhilovSemen"]
[WhiteFideId "35093290"]
[WhiteElo "2437"]
[BlackElo "2555"]
[Result "1-0"]
[Round "7"]
[TimeControl "180+1"]
[Date "2023.08.01"]
[WhiteClock "0:01:33"]
[BlackClock "0:02:15"]
[Board "114"]

1. e4 e6 2. d4 d5 3. Nc3 Nf6 4. e5 Nfd7 5. f4 c5 6. Nf3 Nc6 7. Be3 Qb6 8. Qd2 Qxb2 9. Rb1 Qa3 10. Nb5 Qxa2 11. Rd1 Rb8 12. c4 Qxd2+ 13. Rxd2 cxd4 14. Nfxd4 Bb4 15. cxd5 Bxd2+ 16. Kxd2 Nxd4 17. Bxd4 exd5 18. Bxa7 O-O 19. Bxb8 Nxb8 20. Bd3 g6 21. Nd6 Nc6 22. Rb1 f6 23. Nxc8 Rxc8 24. exf6 Rc7 25. f5 Kf7 26. fxg6+ hxg6 27. Rf1 Ne5 28. Bb1 b5 29. Ba2 Nc4+ 30. Kd3 Ra7 31. Bb1 b4 32. Kd4 Ra1 33. Bxg6+ Kxg6 34. Rxa1 Nd2 35. Rd1 Ne4 36. Rb1 Nxf6 37. Rxb4 Kf5 38. Rb6 Kg5 39. Rxf6 1-0


[Site "https://www.chess.com"]

[Event "Titled Tuesday Blitz August 1 Early 2023"]
[White "Postlmayer, Jakob"]
[Black "Kirillov, Dmitry"]
[WhiteFideId "1643622"]
[BlackFideId "34180572"]
[WhiteElo "2553"]
[BlackElo "2435"]
[Result "1-0"]
[Round "7"]
[TimeControl "180+1"]
[Date "2023.08.01"]
[WhiteClock "0:00:07"]
[BlackClock "0:00:00"]
[Board "115"]

1. c4 e5 2. d3 Nf6 3. Nf3 Nc6 4. a3 g6 5. b4 d6 6. Bb2 Bg7 7. e3 O-O 8. Be2 h6 9. O-O Be6 10. Nbd2 Re8 11. Rc1 a5 12. b5 Nb8 13. Qc2 Nbd7 14. d4 exd4 15. Nxd4 Nc5 16. Nxe6 Rxe6 17. Bf3 a4 18. Rfe1 Qd7 19. Bd4 Ra7 20. Rcd1 Qe7 21. g3 Nfd7 22. Qb1 Nb6 23. Bd5 Nxd5 24. cxd5 Re5 25. Bxe5 Qxe5 26. Nf3 Qe8 27. b6 cxb6 28. Qxb6 Ra6 29. Qb4 Qe4 30. Qxe4 Nxe4 31. Rb1 Nc5 32. Rec1 Nb3 33. Rc2 Rb6 34. Nd2 Rb5 35. Kg2 Kh7 36. e4 Bd4 37. Nf3 Bc5 38. Rc4 Ra5 39. Rb2 Bxa3 40. Ra2 b5 41. Rc7 Bb2 42. Rxb2 Nc5 43. e5 a3 44. Ra2 b4 45. e6 b3 46. Rxf7+ Kg8 47. Re2 a2 48. e7 Ra8 49. Rf6 a1=Q 50. Rxg6+ Kf7 51. Rxh6 Qg7 52. Rh7 Qxh7 53. Ng5+ Kg6 54. Nxh7 Kxh7 55. e8=Q Rxe8 56. Rxe8 Kg7 57. Rb8 Kf6 58. f4 Kf5 59. Kf3 Kf6 60. g4 Kg6 61. h4 Na6 62. Rxb3 Nc5 63. Rb6 1-0


[Site "https://www.chess.com"]

[Event "Titled Tuesday Blitz August 1 Early 2023"]
[White "Dinosaurio_1975"]
[Black "Davidson, Kevin"]
[BlackFideId "2056810"]
[WhiteElo "2551"]
[BlackElo "2435"]
[Result "1-0"]
[Round "7"]
[TimeControl "180+1"]
[Date "2023.08.01"]
[WhiteClock "0:00:42"]
[BlackClock "0:00:00"]
[Board "116"]

1. e4 c5 2. Nf3 d6 3. Bb5+ Nd7 4. c3 a6 5. Ba4 Nf6 6. Bc2 e6 7. d4 Be7 8. O-O O-O 9. e5 Nd5 10. Qd3 g6 11. Bh6 Re8 12. exd6 Bxd6 13. Ng5 cxd4 14. cxd4 Nb4 15. Qf3 Qf6 16. Qe2 Nxc2 17. Ne4 Qxd4 18. Nxd6 Qxd6 19. Qxc2 b5 20. Rd1 Qc5 21. Qe4 Rb8 22. Nc3 Bb7 23. Qf4 e5 24. Qh4 Qc6 25. f3 Rbd8 26. Nd5 f5 27. Ne7+ Rxe7 28. Qxe7 1-0


[Site "https://www.chess.com"]

[Event "Titled Tuesday Blitz August 1 Early 2023"]
[White "Dushyant Sharma"]
[Black "Ganiev, Roman"]
[WhiteFideId "25065130"]
[BlackFideId "4131452"]
[WhiteElo "2498"]
[BlackElo "2544"]
[Result "1-0"]
[Round "7"]
[TimeControl "180+1"]
[Date "2023.08.01"]
[WhiteClock "0:00:54"]
[BlackClock "0:00:00"]
[Board "117"]

1. e4 c5 2. Nf3 d6 3. d4 cxd4 4. Nxd4 Nf6 5. Nc3 a6 6. f4 e5 7. Nf3 Nbd7 8. Bd3 Be7 9. O-O b5 10. a3 Bb7 11. Kh1 Rc8 12. Qe1 O-O 13. Bd2 Re8 14. fxe5 Nxe5 15. Nd4 d5 16. exd5 Nxd3 17. cxd3 Nxd5 18. Qf2 Bf6 19. Nf5 Nxc3 20. Bxc3 Bxc3 21. bxc3 Qf6 22. Nh6+ Qxh6 23. Qxf7+ Kh8 24. Qxb7 Rxc3 25. Rae1 Rcc8 26. Qd7 Rg8 27. d4 Qg6 28. Qd5 Rc2 29. Re6 Qf7 30. Rfe1 Rf2 31. h3 Rf5 32. Qe4 h6 33. Kh2 Rf6 34. d5 Rf8 35. Re7 Qh5 36. d6 1-0


[Site "https://www.chess.com"]

[Event "Titled Tuesday Blitz August 1 Early 2023"]
[White "Andreev, Konstantin"]
[Black "Gauravthegm"]
[WhiteFideId "24239305"]
[WhiteElo "2540"]
[BlackElo "2430"]
[Result "1-0"]
[Round "7"]
[TimeControl "180+1"]
[Date "2023.08.01"]
[WhiteClock "0:00:14"]
[BlackClock "0:00:00"]
[Board "118"]

1. e4 c5 2. Nf3 g6 3. d4 cxd4 4. Nxd4 Bg7 5. Nc3 Nc6 6. Be3 Nf6 7. Bc4 O-O 8. f3 d5 9. exd5 Na5 10. Bb3 Nxb3 11. Nxb3 a5 12. a4 e6 13. dxe6 Bxe6 14. Nd4 Bc4 15. Kf2 Re8 16. Re1 Ng4+ 17. fxg4 Rxe3 18. Kxe3 Qf6 19. Ne4 Re8 20. Nf3 Qb6+ 21. Nd4 f5 22. gxf5 gxf5 23. c3 Rxe4+ 24. Kf2 Qxb2+ 25. Kg1 Bxd4+ 26. cxd4 Rg4 27. Qf3 Qxd4+ 28. Qf2 Qg7 29. Re8+ Kf7 30. Rae1 Qg5 31. R1e7+ Kg6 32. Qb6+ Qf6 33. Qxf6+ Kxf6 34. Rxh7 Bd5 35. g3 Rxa4 36. Rd7 Bc6 37. Rd6+ Kg5 38. Rg8+ Kh5 39. Rg7 Ra1+ 40. Kf2 Ra2+ 41. Ke3 Ra3+ 42. Kf4 Rf3+ 43. Ke5 a4 44. Rd8 Re3+ 45. Kf6 1-0


[Site "https://www.chess.com"]

[Event "Titled Tuesday Blitz August 1 Early 2023"]
[White "Remolar Gallen, Jose"]
[Black "Diaz Herquinio, Brahian"]
[WhiteFideId "2215187"]
[BlackFideId "3809480"]
[WhiteElo "2539"]
[BlackElo "2433"]
[Result "1-0"]
[Round "7"]
[TimeControl "180+1"]
[Date "2023.08.01"]
[WhiteClock "0:00:02"]
[BlackClock "0:00:00"]
[Board "119"]

1. e4 c5 2. Nf3 d6 3. d4 cxd4 4. Nxd4 Nf6 5. Nc3 a6 6. Bg5 e6 7. f4 h6 8. Bh4 Qb6 9. Qd2 Qxb2 10. Rb1 Qa3 11. e5 dxe5 12. fxe5 g5 13. Bg3 Nh5 14. Be2 Nxg3 15. hxg3 Nd7 16. O-O Qc5 17. Bh5 Nxe5 18. Ne4 Qc7 19. Nf6+ Ke7 20. Rbe1 Bg7 21. Nf5+ Kxf6 22. Nd6+ Ke7 23. Rxe5 Rf8 24. Nf5+ Kf6 25. Nxh6+ Ke7 26. Nf5+ Kf6 27. Nxg7+ Kxg7 28. Qxg5+ Kh7 29. Qh4 Qd8 30. Qe4+ f5 31. Qf4 Bd7 32. g4 Qf6 33. g5 Qg7 34. Rd1 Rad8 35. Rd6 Bc6 36. Rexe6 Rxd6 37. Rxd6 Qa1+ 38. Kh2 Qg7 39. g6+ Kh8 40. Qg5 Qe5+ 41. Qg3 f4 42. Qd3 f3+ 43. g3 f2 44. g7+ Qxg7 45. Be2 Qh7+ 46. Qxh7+ Kxh7 47. Bf1 Kg7 48. g4 Rf4 49. Rd2 Rxg4 50. Rxf2 Ra4 51. c3 Ra3 52. c4 Rc3 53. Rd2 Kg6 54. Kg1 Kg5 55. Kf2 Kf4 56. Be2 Ke5 57. Rd1 a5 58. Rg1 Rc2 59. Rg5+ Kf4 60. Rxa5 Bf3 61. Rb5 Bxe2 62. Rb6 1-0


[Site "https://www.chess.com"]

[Event "Titled Tuesday Blitz August 1 Early 2023"]
[White "Bazilius, Augustinas"]
[Black "Aggelis, Nikolaos"]
[WhiteFideId "12832251"]
[BlackFideId "4213220"]
[WhiteElo "2417"]
[BlackElo "2534"]
[Result "1-0"]
[Round "7"]
[TimeControl "180+1"]
[Date "2023.08.01"]
[WhiteClock "0:00:37"]
[BlackClock "0:01:31"]
[Board "120"]

1. d4 f5 2. c4 Nf6 3. Nf3 g6 4. g3 Bg7 5. Bg2 O-O 6. O-O d6 7. Nc3 c6 8. b3 Na6 9. Ba3 Qa5 10. Qc1 Ne4 11. Bb2 Nxc3 12. Bxc3 Qc7 13. Qb2 Be6 14. d5 Bxc3 15. Qxc3 Bf7 16. Ng5 Rae8 17. e4 e5 18. dxe6 Bxe6 19. Nxe6 Rxe6 20. exf5 gxf5 21. Rfe1 Nc5 22. b4 Ne4 23. Qc2 Qf7 24. Re2 d5 25. Rae1 Rfe8 26. cxd5 cxd5 27. Qb3 Re5 28. Rd1 Nf6 29. Rxe5 Rxe5 30. f4 Re2 31. Bxd5 Nxd5 32. Rxd5 Kg7 33. Qc3+ Kh6 34. Rd6+ Kh5 35. Qf3# 1-0


[Site "https://www.chess.com"]

[Event "Titled Tuesday Blitz August 1 Early 2023"]
[White "Castella Garcia, Fausto"]
[Black "Golubev, Mikhail"]
[WhiteFideId "3501922"]
[BlackFideId "14100983"]
[WhiteElo "2409"]
[BlackElo "2533"]
[Result "0-1"]
[Round "7"]
[TimeControl "180+1"]
[Date "2023.08.01"]
[WhiteClock "0:00:00"]
[BlackClock "0:00:02"]
[Board "121"]

1. e4 c5 2. Nf3 d6 3. d4 Nf6 4. Nc3 cxd4 5. Nxd4 g6 6. f4 Nc6 7. Bb5 Bd7 8. Bxc6 bxc6 9. e5 Nd5 10. Nxd5 cxd5 11. O-O e6 12. exd6 Bxd6 13. b3 O-O 14. Bb2 f6 15. Qf3 Qb6 16. Kh1 Rae8 17. Rae1 Rf7 18. Re2 Bc5 19. Qd3 a5 20. a4 Bxa4 21. Rfe1 Bd7 22. Nf3 Bb5 23. c4 dxc4 24. bxc4 Ba6 25. h4 Qc6 26. h5 gxh5 27. Nd4 Bxd4 28. Qxd4 Qxc4 29. Qf2 Qd5 30. Rd2 Qf5 31. Red1 Qg4 32. Rd7 Ref8 33. Rxf7 Rxf7 34. Rd8+ Kg7 35. Rd3 Kf8 36. Rg3 Qf5 37. Kh2 Bb7 38. Qb6 Rd7 0-1


[Site "https://www.chess.com"]

[Event "Titled Tuesday Blitz August 1 Early 2023"]
[White "Ordekalog"]
[Black "Namitbir Singh Walia"]
[BlackFideId "35071068"]
[WhiteElo "2532"]
[BlackElo "2404"]
[Result "0-1"]
[Round "7"]
[TimeControl "180+1"]
[Date "2023.08.01"]
[WhiteClock "0:00:00"]
[BlackClock "0:00:21"]
[Board "122"]

1. e4 c5 2. d3 Nc6 3. g3 d5 4. exd5 Qxd5 5. Nf3 Nd4 6. Bg2 Bh3 7. O-O Bxg2 8. Kxg2 Nf6 9. Nc3 Qc6 10. Be3 e6 11. Bxd4 cxd4 12. Ne2 Bc5 13. b4 Bb6 14. b5 Qxb5 15. Nexd4 Bxd4 16. Nxd4 Qd5+ 17. Nf3 O-O 18. Re1 Rfd8 19. Kg1 Rac8 20. Ne5 b6 21. a4 Rc5 22. Qe2 Qd4 23. a5 bxa5 24. Nc4 Rdd5 25. Ra4 Qc3 26. Rea1 h6 27. R1a3 Qd4 28. Ne3 Qb2 29. Nxd5 Nxd5 30. Ra2 Qb6 31. Ra1 Nc3 32. Qe1 Nxa4 33. Rxa4 Rxc2 34. Qxa5 Qxf2+ 0-1


[Site "https://www.chess.com"]

[Event "Titled Tuesday Blitz August 1 Early 2023"]
[White "Fiorito, Francisco"]
[Black "Stork, Oliver"]
[WhiteFideId "180165"]
[BlackFideId "12955728"]
[WhiteElo "2531"]
[BlackElo "2402"]
[Result "1-0"]
[Round "7"]
[TimeControl "180+1"]
[Date "2023.08.01"]
[WhiteClock "0:00:15"]
[BlackClock "0:00:01"]
[Board "123"]

1. e4 c6 2. d4 d5 3. exd5 cxd5 4. Bd3 Nc6 5. c3 Nf6 6. Bf4 g6 7. Nf3 Bf5 8. Bxf5 gxf5 9. Qd3 e6 10. h3 Bd6 11. Bg5 Be7 12. Rg1 Rg8 13. Bxf6 Bxf6 14. g4 Ne7 15. Nbd2 Qd7 16. O-O-O O-O-O 17. Rde1 Rg6 18. g5 Bh8 19. h4 Rgg8 20. h5 Qd6 21. Qe3 f4 22. Qd3 Nf5 23. Rg4 Nh6 24. Rg2 Nf5 25. Rh1 h6 26. Rhg1 hxg5 27. Rxg5 Rxg5 28. Nxg5 Rg8 29. Ndf3 f6 30. Nh3 Rxg1+ 31. Nfxg1 Bg7 32. Nf3 Bh6 33. Kc2 Qd7 34. Qe2 Qe8 35. Ne1 a6 36. Nd3 Qc6 37. Kb1 Qd6 38. a3 Kc7 39. Qg4 Qd7 40. Nhxf4 Qb5 41. Nxe6+ Kd6 42. Nec5 Ne7 43. Qe6+ 1-0


[Site "https://www.chess.com"]

[Event "Titled Tuesday Blitz August 1 Early 2023"]
[White "Bueno, Alfeu Junior Varela"]
[Black "Heinemann, Josefine"]
[WhiteFideId "2108879"]
[BlackFideId "12900460"]
[WhiteElo "2401"]
[BlackElo "2530"]
[Result "0-1"]
[Round "7"]
[TimeControl "180+1"]
[Date "2023.08.01"]
[WhiteClock "0:00:00"]
[BlackClock "0:00:33"]
[Board "124"]

1. e4 c5 2. Nc3 d6 3. f4 g6 4. Nf3 Bg7 5. Bb5+ Bd7 6. O-O Bxb5 7. Nxb5 Nc6 8. d3 Nf6 9. Nc3 O-O 10. Qe1 Rb8 11. Qh4 Nd4 12. Rf2 Nxf3+ 13. Rxf3 b5 14. f5 b4 15. Ne2 Qb6 16. Kh1 Rfc8 17. Bh6 Bxh6 18. Qxh6 Qd8 19. fxg6 fxg6 20. Nf4 Qf8 21. Qh4 Qf7 22. Raf1 Qxa2 23. Nd5 Nxd5 24. Rf7 Nf6 25. R1xf6 Qxf7 26. Rxf7 Kxf7 27. Qxh7+ Kf6 28. Qh4+ Ke6 29. Qg4+ Kf7 30. Qd7 a5 31. g3 Ra8 32. Qa4 Rf8 33. Kg2 Kg7 34. Qd7 Rf7 35. e5 dxe5 36. Qd5 Raf8 37. Qxe5+ Kh7 38. Qxc5 Rf2+ 39. Qxf2 Rxf2+ 40. Kxf2 a4 0-1


[Site "https://www.chess.com"]

[Event "Titled Tuesday Blitz August 1 Early 2023"]
[White "Gu, Xiaobing"]
[Black "Toropov, Pavel"]
[WhiteFideId "8602611"]
[BlackFideId "24129178"]
[WhiteElo "2396"]
[BlackElo "2529"]
[Result "0-1"]
[Round "7"]
[TimeControl "180+1"]
[Date "2023.08.01"]
[WhiteClock "0:00:42"]
[BlackClock "0:01:34"]
[Board "125"]

1. e4 d5 2. exd5 Qxd5 3. Nc3 Qd6 4. d4 Nf6 5. Nf3 a6 6. Bc4 b5 7. Bb3 Bb7 8. O-O e6 9. Ne5 c5 10. Bf4 Qd8 11. dxc5 Qxd1 12. Raxd1 Bxc5 13. Rd2 Nc6 14. Rfd1 Nxe5 15. Bxe5 Ke7 16. Bxf6+ Kxf6 17. Rd7 Bc6 18. Rc7 Rhc8 19. Rxc8 Rxc8 20. Kf1 b4 21. Ne2 Bb5 22. Ke1 a5 23. c3 a4 24. Bc2 a3 25. Ng3 axb2 26. Ne4+ Ke7 27. Bb3 bxc3 0-1


[Site "https://www.chess.com"]

[Event "Titled Tuesday Blitz August 1 Early 2023"]
[White "Spichkin, Alexander"]
[Black "Sreyas Payyappat"]
[WhiteFideId "4144074"]
[BlackFideId "46674969"]
[WhiteElo "2395"]
[BlackElo "2525"]
[Result "0-1"]
[Round "7"]
[TimeControl "180+1"]
[Date "2023.08.01"]
[WhiteClock "0:00:00"]
[BlackClock "0:00:07"]
[Board "126"]

1. f4 c5 2. Nf3 d5 3. e3 Nc6 4. Bb5 Nf6 5. O-O Bg4 6. h3 Bxf3 7. Bxc6+ bxc6 8. Qxf3 e6 9. b3 Bd6 10. Bb2 Qc7 11. Nc3 e5 12. fxe5 Bxe5 13. Na4 Bxb2 14. Nxb2 O-O 15. Na4 Ne4 16. Rad1 Qa5 17. c3 c4 18. Qg4 Rab8 19. Nb2 Qxa2 20. Nxc4 dxc4 21. Qxe4 cxb3 22. Qxc6 b2 23. Rb1 Rfd8 24. d4 a5 25. c4 Rdc8 26. Qd7 Qxc4 27. d5 Rc7 28. Rxb2 Qxf1+ 29. Kxf1 Rc1+ 30. Kf2 Rxb2+ 31. Kf3 Rb8 32. Qa7 Re8 33. Qxa5 Rd1 34. e4 Rd4 35. Qe1 f5 36. e5 Rxd5 37. e6 Rd6 38. e7 Kf7 39. Qe5 Re6 40. Qd5 Rxe7 41. Kf4 g6 42. Kg5 Kg7 43. Qd4+ Re5 44. Kf4 Kf6 45. h4 h6 46. Qd6+ Kf7 47. Qb8 Re4+ 48. Kg3 Rg4+ 49. Kh3 Re3+ 50. Kh2 Rxh4+ 51. Kg1 Re1+ 52. Kf2 Rhe4 53. Qc7+ Re7 54. Qc4+ Kg7 55. Qc3+ R1e5 56. Qd4 g5 57. Kf3 Kg6 58. Qd6+ R5e6 59. Qb4 Re2 60. Kg3 f4+ 61. Kh3 Kh5 62. Qc4 R7e3+ 63. Kh2 Kg4 64. Qc8+ Kh4 65. Qf5 h5 66. Qf6 Rg3 67. Kh1 f3 68. gxf3 Rf2 69. Qe5 Rfxf3 70. Qe4+ Rf4 71. Qe6 Rh3+ 72. Kg2 Rg4+ 73. Kf2 Rhg3 74. Kf1 Kh3 75. Qd7 h4 76. Kf2 Kh2 77. Qd6 Rf4+ 78. Ke2 h3 79. Qd5 Rg2+ 80. Ke3 Kg1 81. Qd1+ Rf1 82. Qd4 h2 83. Ke4+ Kh1 84. Qh8 Re2+ 85. Kd3 Rff2 86. Qh3 Kg1 87. Qg3+ Rg2 88. Qc7 h1=Q 89. Qc1+ Kh2 90. Qc7+ Rg3+ 0-1


[Site "https://www.chess.com"]

[Event "Titled Tuesday Blitz August 1 Early 2023"]
[White "Mikhalsky, Vladimir"]
[Black "Jaskolka, Tomasz"]
[WhiteFideId "14144352"]
[BlackFideId "1170791"]
[WhiteElo "2395"]
[BlackElo "2523"]
[Result "0-1"]
[Round "7"]
[TimeControl "180+1"]
[Date "2023.08.01"]
[WhiteClock "0:00:01"]
[BlackClock "0:00:47"]
[Board "127"]

1. d4 d5 2. c4 e5 3. dxe5 d4 4. Nf3 Nc6 5. g3 Be6 6. b3 Qd7 7. Bg2 O-O-O 8. O-O h5 9. Ng5 Nxe5 10. Nxe6 Qxe6 11. Ba3 Nf6 12. Bxf8 Rhxf8 13. h4 Rg8 14. Nd2 g5 15. hxg5 Rxg5 16. f4 Rxg3 17. fxe5 Qh3 18. Rf2 Ng4 19. Kf1 Ne3+ 20. Ke1 Rxg2 21. Qb1 Rg1+ 22. Nf1 Rxf1+ 23. Rxf1 Qxf1+ 24. Kd2 Qf4 25. Qh7 Nxc4+ 0-1


[Site "https://www.chess.com"]

[Event "Titled Tuesday Blitz August 1 Early 2023"]
[White "Buscar, Michael"]
[Black "Goltseva, Ekaterina"]
[WhiteFideId "2603616"]
[BlackFideId "24173770"]
[WhiteElo "2391"]
[BlackElo "2522"]
[Result "0-1"]
[Round "7"]
[TimeControl "180+1"]
[Date "2023.08.01"]
[WhiteClock "0:00:27"]
[BlackClock "0:01:32"]
[Board "128"]

1. d4 d5 2. c4 dxc4 3. e3 e5 4. Bxc4 exd4 5. Nf3 Nf6 6. O-O Bd6 7. Nxd4 O-O 8. Nb5 Bxh2+ 9. Kxh2 Ng4+ 10. Kg3 Qg5 11. f4 Qg6 12. f5 Bxf5 13. Rxf5 Nxe3+ 14. Kf4 Nxd1 15. g4 Nf2 16. g5 Nh3+ 17. Kg4 h5+ 18. Kxh3 Qxf5+ 19. Kh2 Qc2+ 20. Nd2 Nc6 21. Nxc7 Rac8 22. Nd5 Rfd8 23. Ne3 Rxd2+ 0-1


[Site "https://www.chess.com"]

[Event "Titled Tuesday Blitz August 1 Early 2023"]
[White "Shapiro, Viktor"]
[Black "Rosenberg, Evan S"]
[WhiteFideId "4175700"]
[BlackFideId "2019299"]
[WhiteElo "2520"]
[BlackElo "2400"]
[Result "1/2-1/2"]
[Round "7"]
[TimeControl "180+1"]
[Date "2023.08.01"]
[WhiteClock "0:00:12"]
[BlackClock "0:00:06"]
[Board "129"]

1. c4 c5 2. Nc3 Nc6 3. Nf3 e6 4. g3 Nf6 5. Bg2 Be7 6. O-O O-O 7. d3 d5 8. Bd2 h6 9. Rc1 b6 10. a3 Bb7 11. cxd5 exd5 12. Na4 d4 13. Ne5 Nd5 14. Nxc6 Bxc6 15. b4 Qd7 16. Qb3 Nxb4 17. axb4 Bxa4 18. Qa2 Bc6 19. Bxc6 Qxc6 20. bxc5 Bxc5 21. Bb4 Rfe8 22. Bxc5 bxc5 23. Rc2 Re5 24. Rfc1 a6 25. Qa5 Rc8 26. Ra1 Re6 27. Ra4 Qd6 28. Rac4 Re5 29. Qa3 h5 30. h4 g5 31. hxg5 Rxg5 32. Kf1 h4 33. gxh4 Rf5 34. Ke1 Qf4 35. Rxc5 Qxf2+ 36. Kd1 Qg1+ 37. Kd2 Qe3+ 38. Ke1 Rfxc5 39. Rxc5 Re8 40. Rg5+ Kh7 41. Qb2 Qxd3 42. Qd2 Qxd2+ 43. Kxd2 f6 44. Rf5 Kg6 45. Rf4 Rd8 46. Kd3 a5 47. h5+ Kg5 48. Rf1 Kxh5 49. Rf5+ Kg4 50. Rxa5 f5 51. Ra7 Kf4 52. Re7 Rd5 53. Re6 Rd8 54. Re7 Rd6 55. Re8 Rd7 56. Re6 Rd5 57. Kc4 Rd8 58. Kd3 Rd7 59. Re8 Rd6 60. Re7 Rd5 61. Kc4 Rd8 62. Kd3 1/2-1/2


[Site "https://www.chess.com"]

[Event "Titled Tuesday Blitz August 1 Early 2023"]
[White "Berezin, Viktor"]
[Black "Llanos, Guillermo"]
[WhiteFideId "14107872"]
[BlackFideId "100358"]
[WhiteElo "2514"]
[BlackElo "2388"]
[Result "1-0"]
[Round "7"]
[TimeControl "180+1"]
[Date "2023.08.01"]
[WhiteClock "0:00:30"]
[BlackClock "0:00:07"]
[Board "130"]

1. d4 Nf6 2. Nf3 b6 3. g3 Bb7 4. Bg2 c5 5. O-O cxd4 6. Nxd4 Bxg2 7. Kxg2 Qc8 8. Nc3 Nc6 9. Nf3 g6 10. e4 d6 11. Bg5 Bg7 12. Qd2 O-O 13. Bh6 Qg4 14. Bxg7 Kxg7 15. h3 Qh5 16. Rfe1 Rfd8 17. Nd5 Ne5 18. Nh2 Nxd5 19. exd5 Qf5 20. f4 Rac8 21. c3 Nc4 22. Qd4+ Kg8 23. Re2 h5 24. Nf3 Rc5 25. Rd1 Qd7 26. Qe4 Re8 27. Rd4 b5 28. Qd3 Nb6 29. Ng5 Qb7 30. Re6 Kg7 31. Nxf7 Rg8 32. Rxg6+ Kxf7 33. Qf5+ Ke8 34. Rxg8# 1-0


[Site "https://www.chess.com"]

[Event "Titled Tuesday Blitz August 1 Early 2023"]
[White "Topalov, Aleksandar"]
[Black "Erzhanov, Arman"]
[WhiteFideId "925659"]
[BlackFideId "4138821"]
[WhiteElo "2367"]
[BlackElo "2504"]
[Result "0-1"]
[Round "7"]
[TimeControl "180+1"]
[Date "2023.08.01"]
[WhiteClock "0:02:01"]
[BlackClock "0:02:09"]
[Board "131"]

1. b3 c5 2. Bb2 Nc6 3. Nf3 d5 4. e3 a6 5. d4 Nf6 6. Nbd2 Bg4 7. Be2 e6 8. O-O Bd6 9. c4 O-O 10. Rc1 cxd4 11. exd4 dxc4 12. bxc4 Bf4 13. Rb1 Rc8 14. Ba3 Re8 15. Rxb7 Nxd4 16. Nxd4 Qxd4 17. Bxg4 Nxg4 18. Qxg4 Bxh2+ 19. Kxh2 Qxg4 0-1


[Site "https://www.chess.com"]

[Event "Titled Tuesday Blitz August 1 Early 2023"]
[White "Liu, Casper"]
[Black "Martin, Lewis"]
[WhiteFideId "1454153"]
[BlackFideId "410551"]
[WhiteElo "2500"]
[BlackElo "2290"]
[Result "0-1"]
[Round "7"]
[TimeControl "180+1"]
[Date "2023.08.01"]
[WhiteClock "0:02:36"]
[BlackClock "0:01:42"]
[Board "132"]

1. e4 c5 2. d4 cxd4 3. Qxd4 Nc6 4. Qe3 e6 5. Nc3 Bb4 6. Bd2 Nf6 7. O-O-O O-O 8. h4 d5 9. exd5 exd5 10. Nxd5 Nxd5 11. Qf3 Be6 12. Bc4 Ne5 13. Bxb4 Nxf3 14. Nxf3 Nxb4 15. Rxd8 Rfxd8 16. Be2 Nxa2+ 17. Kb1 Nb4 18. Ng5 Bf5 19. Bd1 Rxd1+ 20. Rxd1 Bxc2+ 0-1


[Site "https://www.chess.com"]

[Event "Titled Tuesday Blitz August 1 Early 2023"]
[White "WindWhistler11"]
[Black "ilya2700"]
[WhiteElo "2427"]
[BlackElo "2076"]
[Result "1-0"]
[Round "7"]
[TimeControl "180+1"]
[Date "2023.08.01"]
[WhiteClock "0:01:50"]
[BlackClock "0:00:57"]
[Board "133"]

1. Nf3 Nf6 2. g3 d5 3. c4 e6 4. Bg2 Be7 5. O-O O-O 6. b3 Nbd7 7. Bb2 b6 8. e3 Bb7 9. Qe2 c5 10. d3 Rc8 11. Nbd2 Re8 12. Rad1 a6 13. Rfe1 b5 14. e4 dxe4 15. dxe4 Nf8 16. e5 N6d7 17. cxb5 Qb6 18. bxa6 Bxa6 19. Qe4 Ng6 20. h4 h6 21. h5 Ngf8 22. Nc4 Bxc4 23. Qxc4 Nb8 24. Nd2 Nc6 25. Ne4 Nh7 26. Nd6 Bxd6 27. exd6 Na5 28. Qg4 f6 29. d7 1-0


[Site "https://www.chess.com"]